 Dungeon Crawl Stone Soup version 0.31-a0-662-g684573625c (webtiles) character file.

Game seed: 11054585663003521535

37 Athletesfoot the Chiller (level 3, 0/24 HPs)
             Began as a Mummy Ice Elementalist on Aug 31, 2023.
             Slain by an orc wizard
             ... wielding a +0 dagger
              (3 damage)
             ... on level 3 of the Dungeon.
             The game lasted 00:31:38 (1686 turns).

Athletesfoot the Chiller (Mummy Ice Elementalist)   Turns: 1686, Time: 00:31:39

Health: 0/24       AC: 11    Str: 11    XL:     3   Next: 21%
Magic:  16/16      EV:  2    Int: 16    God:
Gold:   90         SH:  0    Dex: 12    Spells: 6/7 levels left

rFire   x . .        l - +0 hand axe
rCold   + . .        (no shield)
rNeg    + + +        n - +0 plate armour
rPois   ∞            (no helmet)
rElec   .            (no cloak)
rCorr   .            (no gloves)
SInv    .            o - +0 pair of boots
Will    .....        (no amulet) Stlth
                     a - ring of magical power
HPRegen 0.24/turn    (no ring)
MPRegen 0.15/turn

%: faith
@: no status effects
A: cold resistance 1, negative energy resistance 3, torment resistance 2, heat
vulnerability 1, in touch with death 1, no potions, faith
a: no special abilities


You were on level 3 of the Dungeon.
You visited 1 branch of the dungeon, and saw 3 of its levels.

You collected 90 gold pieces.

Inventory:

Hand Weapons
 h - a +0 dagger
 i - a +0 short sword
 l - a +0 hand axe (weapon)
Missiles
 g - 4 stones
 q - 2 boomerangs
Armour
 e - a +0 ring mail
 k - a +0 scale mail
 n - a +0 plate armour (worn)
 o - a +0 pair of boots (worn)
Jewellery
 a - a ring of magical power (left hand)
Talismans
 p - a beast talisman
Scrolls
 b - 2 scrolls of noise {unknown}
 f - 2 scrolls of silence
Potions
 c - a potion of brilliance {unknown}
 d - a potion of curing {unknown}
 j - a potion of degeneration {unknown}
 m - 2 potions of attraction {unknown}


   Skills:
 + Level 0.3 Fighting
 + Level 0.1 Maces & Flails
 + Level 0.3 Armour
 + Level 1.8 Dodging
 + Level 1.8 Stealth
 + Level 0.7 Unarmed Combat
 + Level 2.7 Spellcasting
 + Level 3.6 Ice Magic


You had 6 spell levels left.
You knew the following spells:

 Your Spells              Type           Power      Damage    Failure   Level
a - Freeze                Ice            52%        1d6       100%        1

Your spell library contained the following spells:

 Spells                   Type           Power      Damage    Failure   Level
 Blink                    Tloc           4%         N/A       100%        2
 Lesser Beckoning         Tloc           4%         N/A       100%        2
 Momentum Strike          Conj/Tloc      4%         3d8       100%        2
 Frozen Ramparts          Ice            26%        1d4       100%        3
 Ozocubu's Armour         Ice            13%        N/A       100%        3
 Summon Ice Beast         Ice/Summ       8%         N/A       100%        4
 Fireball                 Conj/Fire      1%         3d3       100%        5
 Iskenderun's Battlesphe  Conj           2%         2d6       100%        5
 Conjure Ball Lightning   Conj/Air       1%         3x3d6     100%        6
 Orb of Destruction       Conj           1%         9d5       100%        7


Dungeon Overview and Level Annotations

Branches:
Dungeon (3/15)

Altars:


Innate Abilities, Weirdness & Mutations

You are immune to poison.
Your flesh is cold resistant. (rC+)
You are immune to negative energy. (rN+++)
You are immune to unholy pain and torment.
You are vulnerable to heat. (rF-)
You are in touch with the powers of death.
You do not drink.
You have a special connection with the divine. (Faith)


Message History

You hit the orc.
The orc is lightly wounded.
The orc hits you but does no damage.
You hit the orc but do no damage.
The orc is lightly wounded.
The orc hits you with a +0 dagger.
You closely miss something. You hit the orc but do no damage.
You hear some strange, mumbled words.
A magic dart appears from out of thin air!
The magic dart hits you. The orc hits you with a +0 dagger.
* * * LOW HITPOINT WARNING * * *
Something hits you but does no damage.
You hit something but do no damage. You hit the orc but do no damage.
The orc hits you but does no damage. Something hits you but does no damage.
You hit the orc but do no damage.
The orc is lightly wounded.
You barely miss something. The orc hits you with a +0 dagger.
* * * LOW HITPOINT WARNING * * *
Something hits you but does no damage. The orc hits you but does no damage.
You hit the orc.
The orc is almost dead.
You hit something. Something hits you.
* * * LOW HITPOINT WARNING * * *
The orc hits you but does no damage. Something hits you.
* * * LOW HITPOINT WARNING * * *
You closely miss the orc.
The orc is almost dead.
You miss something. The orc hits you but does no damage.
Something hits you but does no damage.
You hit the orc.
You kill the orc!
You miss something. Something hits you but does no damage.
Something hits you but does no damage.
Things that are here:
a +0 dagger; a +0 scale mail; an orc corpse Something hits you but does no damage.
Something hits you.
* * * LOW HITPOINT WARNING * * *
Something hits you.
You die...

........# #.# ........# #.#
........########.#
................>############
...........................<#
........########.############
........# #.# ........# #.#
........# #@# ######### #.#
#.# ####o# #.)..# ......#
#o#### ..)...# #.# ......#
#o# ......# #.#


You could see an orc.

Vanquished Creatures
  An adder (D:2)
  An orc (D:3)
  An endoplasm (D:3)
  5 giant cockroaches
  4 goblins
  4 hobgoblins
  2 ball pythons (D:1)
  A bat (D:2)
  A frilled lizard (D:1)
  2 kobolds
  A rat (D:2)
23 creatures vanquished.

Notes
Turn   | Place    | Note
-------+----------+-------------------------------------------
     0 | D:1      | Athletesfoot the Mummy Ice Elementalist began the quest for
                  | the Orb.
     0 | D:1      | Reached XP level 1. HP: 13/13 MP: 4/4
   435 | D:2      | Reached XP level 2. HP: 19/19 MP: 3/5
   905 | D:1      | Reached XP level 3. HP: 21/24 MP: 7/7
  1677 | D:3      | HP: 1/24 [something (3)]
  1686 | D:3      | Slain by an orc wizard

Illustrated notes

Levels and vault maps discovered:
D:1:      dpeg_arrival_fog, layout_loops_corners
D:2:      layout_rooms, serial_shops, shop
D:3:      layout_basic, grunt_gozag_breadcrumbs, ebering_ecumenical_altar_mist,
          kennysheep_cross_room

Action                     || total
---------------------------++-------
  Melee: Unarmed           ||    57
         Punch             ||     2
         Club              ||    48
         Hand axe          ||    13
         Short sword       ||     2
   Cast: Freeze            ||    11
    Use: Scroll            ||     2
   Stab: Sleeping          ||     1
 Armour: Robe              ||    29
         Ring mail         ||    57
         Plate armour      ||    53
  Dodge: Dodged            ||    89

Table legend: (Time is in decaauts)
 A = Elapsed time spent in this place.
 B = Non-inter-level travel time spent in this place.
 C = Inter-level travel time spent in this place.
 D = Time resting spent in this place.
 E = Time spent auto-exploring this place.
 F = Levels seen in this place.
 G = Mean time per level.
                   A        B        C        D        E       F      G
               +--------+--------+--------+--------+--------+-----+--------+
         Total |   1702 |   1623 |     79 |      0 |      0 |   3 |  567.3 |
       Dungeon |   1702 |   1623 |     79 |      0 |      0 |   3 |  567.3 |
               +--------+--------+--------+--------+--------+-----+--------+

Top non-repeatable levels by time:
     D:1: 1156 daAuts
     D:2: 373 daAuts
     D:3: 172 daAuts
